AoeStats
← neozozevil45

Nomad

509522561Analyzed
4v4 RM · 5d ago on Sep 27, 2026· 45m 40s· 8 players
Game mode
Random Map
Map size
231×231
Population
200
Speed
Normal
Resources
Standard
Victory
Conquest
Starting age
Dark Age
Ending age
Imperial Age
RankedLock teamsTeams togetherTeam positionsShared explorationLock speedFull tech treeHidden civsTurbo modeCheats
Victory
Defeat
🇺🇸 Varangians · United States
1177
+11
🇦🇺 Koreans · Australia
1126
+13
🇨🇳 Franks · China
1118
+13
🇦🇷 Persians · Argentina
1114
+13
🇲🇽 Vietnamese · Mexico
1116
-15
🇲🇽 Berbers · Mexico
1085
-14
🇺🇸 Varangians · United States
1046
-12
🇺🇸 Tupi · United States
956
-9
OXYEHHO
9:39 Loom
14:34 Feudal Age
15:07 Double-Bit Axe
17:51 Forging
22:20 Castle Age
20:18 Horse Collar
20:23 Fishing Lines
23:21 Medium Warships
23:48 Bow Saw
23:48 Fletching
24:00 Scale Mail Armor
26:25 Wheelbarrow
25:35 Town Watch
25:52 Gillnets
26:19 Scale Barding Armor
26:50 Iron Casting
37:09 Imperial Age
35:07 Vendel Legacy
36:26 Chain Barding Armor
36:43 Bloodlines
39:56 Husbandry
40:34 Gold Mining
41:10 Conscription
42:43 Hand Cart
42:17 Cavalier
45:50 Plate Barding Armor
46:15 Blast Furnace
Bread
11:49 Loom
14:12 Feudal Age
14:42 Double-Bit Axe
14:40 Fishing Lines
19:43 Castle Age
18:22 Fletching
20:22 Forging
20:05 Horse Collar
21:52 Bow Saw
25:22 Wheelbarrow
26:47 Hand Cart
26:36 Heavy Plow
26:50 Bodkin Arrow
28:12 Town Watch
29:09 Iron Casting
29:36 Squires
29:45 Pikeman
31:42 Scale Mail Armor
35:32 Imperial Age
35:28 Town Patrol
35:37 Town Patrol
35:54 Chain Mail Armor
36:35 Ballistics
37:19 Chemistry
36:26 Siege Engineers
37:35 Halberdier
38:48 Plate Mail Armor
38:19 Bracer
38:43 Ballistics
38:34 Eupseong
40:24 Arrowslits
43:30 Conscription
44:43 Elite Skirmisher
45:29 Thumb Ring
冲天炮
10:14 Loom
13:59 Feudal Age
18:07 Castle Age
18:17 Double-Bit Axe
19:24 Bow Saw
19:47 Stone Mining
28:33 Scale Barding Armor
31:13 Forging
32:13 Wheelbarrow
34:18 Gold Mining
37:16 Imperial Age
35:50 Chain Barding Armor
36:06 Iron Casting
36:40 Gold Shaft Mining
36:11 Husbandry
37:25 Hand Cart
37:29 Cavalier
39:55 Plate Barding Armor
40:21 Blast Furnace
41:04 Paladin
44:46 Conscription
0xLexA.23
7:32 Loom
12:27 Feudal Age
13:04 Double-Bit Axe
13:06 Town Watch
18:14 Castle Age
16:33 Gold Mining
16:56 Fishing Lines
19:05 Bow Saw
19:08 Medium Warships
20:58 Gillnets
23:29 Wheelbarrow
23:01 Light Cavalry
23:51 Bloodlines
NeessQuiick
14:30 Feudal Age
18:39 Castle Age
17:11 Stone Mining
21:44 Loom
39:43 Forging
39:39 Scale Barding Armor
39:25 Fletching
40:58 Wheelbarrow
41:33 Gold Mining
45:44 Imperial Age
44:13 Fletching
neozozevil45
14:59 Feudal Age
16:53 Double-Bit Axe
22:28 Castle Age
22:08 Stone Mining
22:52 Fletching
23:03 Padded Archer Armor
27:13 Heated Shot
29:29 Loom
30:06 Murder Holes
33:53 Bow Saw
33:25 Horse Collar
37:03 Treadmill Crane
41:20 Town Watch
44:11 Heavy Plow
Legatus
15:20 Feudal Age
15:47 Fishing Lines
15:55 Double-Bit Axe
20:50 Castle Age
20:11 Horse Collar
22:02 Light Cavalry
23:57 Bloodlines
25:34 Loom
27:05 Husbandry
27:56 Scale Barding Armor
37:55 Imperial Age
36:00 Forging
35:52 Scale Mail Armor
37:32 Bow Saw
38:23 Squires
38:16 Gambesons
39:04 Conscription
40:38 Gothikon
41:28 Elite Varangian Guard
42:42 Arson
43:38 Iron Casting
43:18 Chain Mail Armor
42:49 Capped Ram
omarUMP
5:28 Loom
16:43 Feudal Age
22:14 Castle Age
21:21 Double-Bit Axe
22:27 Fletching
22:40 Padded Archer Armor
23:15 Crossbowman
26:58 Bow Saw
28:29 Thumb Ring
30:34 Bodkin Arrow
30:08 Elite Skirmisher
32:12 Murder Holes
32:38 Ballistics
34:15 Pikeman
38:49 Leather Archer Armor
43:01 Imperial Age
Connection lost

Rejoining the realm…

Still unreachable

The connection could not be restored.

Session expired

The server has moved on; the page needs a fresh start.